 Dungeon Crawl Stone Soup version 0.29-a0-330-g52719c12eb (webtiles) character file.

Game seed: 7752877428791408088

344 kae the Firebug (level 6, 0/39 HPs)
             Began as an Octopode Fire Elementalist on Apr 18, 2022.
             Slain by an ice beast (11 damage)
             ... on level 4 of the Dungeon.
             The game lasted 00:01:46 (3584 turns).

kae the Firebug (Octopode Fire Elementalist)        Turns: 3584, Time: 00:01:46

Health: 0/39       AC:  2    Str:  7    XL:     6   Next: 58%
Magic:  0/10       EV: 13    Int: 19    God:
Gold:   154        SH:  0    Dex: 13    Spells: 1/10 levels left

rFire   . . .      SeeInvis .   e - +2 dagger (speed)
rCold   . . .      Faith    .   (no shield)
rNeg    . . .      Spirit   .   j - +1 hat
rPois   .          Reflect  .   (no amulet)
rElec   .          Harm     .   i - ring of wizardry
rCorr   .          Rampage  .   (no ring)
Will    .....                   (no ring)
Stlth   ++++......              (no ring)
HPRegen 0.93/turn               (no ring)
MPRegen 0.12/turn               (no ring)
                                (no ring)
                                (no ring)

@: brilliant
A: almost no armour, amphibious, 8 rings, camouflage 1, gelatinous body 1,
(nimble swimmer 1), tentacles, regeneration 1, subdued magic 1
a: no special abilities


You were on level 4 of the Dungeon.
You visited 1 branch of the dungeon, and saw 4 of its levels.

You collected 154 gold pieces.

Inventory:

Hand Weapons
 e - a +2 dagger of speed (weapon)
 o - a +3 dagger
Armour
 j - a +1 hat (worn)
 n - a +0 kite shield
Magical Staves
 k - a staff of poison
Jewellery
 i - a ring of wizardry (left tentacle)
Scrolls
 b - a scroll of amnesia {unknown}
 f - a scroll of enchant armour {unknown}
 g - a scroll of teleportation
 h - a scroll of silence {unknown}
Potions
 a - a potion of magic
 c - a potion of heal wounds
 d - 2 potions of curing


   Skills:
 + Level 2.2 Fighting
 + Level 3.0 Dodging
 + Level 4.3 Stealth
 + Level 2.9 Spellcasting
 + Level 2.4 Conjurations
 * Level 4.6 Fire Magic


You had one spell level left.
You knew the following spells:

 Your Spells              Type           Power      Damage    Failure   Level
a - Foxfire               Conj/Fire      72%        2x1d7     1%          1
b - Scorch                Fire           46%        2d7       1%          2
c - Conjure Flame         Conj/Fire      18%        6-21      3%          3
d - Inner Flame           Hex/Fire       13%        N/A       6%          3

Your spell library contained the following spells:

 Spells                   Type           Power      Damage    Failure   Level
 Sting                    Tmut/Pois      12%        1d3       5%          1
 Poisonous Vapours        Pois/Air       6%         N/A       9%          2
 Flame Wave               Conj/Fire      18%        2d6       12%         4
 Olgreb's Toxic Radiance  Pois           3%         N/A       45%         4


Dungeon Overview and Level Annotations

Branches:
Dungeon (4/15)
 Temple: D:4-7

Altars:
Gozag
Yredelemnul

Shops:
D:3 [


Innate Abilities, Weirdness & Mutations

You cannot wear most types of armour.
You are amphibious.
You can wear up to eight rings at the same time.
Your skin changes colour to match your surroundings (Stealth+).
Your rubbery body absorbs attacks. (AC +1, EV +1)
((You are camouflaged when in or above water. (Stealth+)))
You have tentacles for arms and can constrict up to eight enemies at once.
Your natural rate of healing is unusually fast.
Your spells are a little easier to cast, but a little less powerful.


Message History

You destroy the phantom!
Your Dodging skill increases to level 3!
Casting: Scorch (safe; 1% risk of failure)
Confirm with . or Enter, or press ? or * to list all spells.
Flames lash the ice beast.
The ice beast is lightly wounded.
The ice beast's fire resistance burns away.
The ice beast misses you.
You hit the ice beast.
The ice beast is lightly wounded.
The ice beast is no longer more vulnerable to fire.
The ice beast hits you. The ice beast freezes you.
You hit the ice beast. Your squeeze misses the ice beast.
The ice beast is moderately wounded.
You barely miss the ice beast.
The ice beast is moderately wounded.
The ice beast hits you. The ice beast freezes you.
You are too injured to fight recklessly!
You are too injured to fight recklessly!
You are too injured to fight recklessly!
You are too injured to fight recklessly!
You are too injured to fight recklessly!
It was a potion of mutation.
You feel extremely strange.
Your connection to magic feels subdued.
You begin to heal more quickly.
The ice beast barely misses you.
It was a potion of brilliance.
You feel clever all of a sudden. The ice beast hits you.
The ice beast freezes you!
* * * LOW HITPOINT WARNING * * *
You hit the ice beast.
The ice beast is moderately wounded.
The ice beast closely misses you.
Casting: Scorch (safe; 1% risk of failure)
Confirm with . or Enter, or press ? or * to list all spells.
You feel a surge of power!
Flames lash the ball python.
You kill the ball python!
The ice beast hits you.
* * * LOW HITPOINT WARNING * * *
The ice beast freezes you!
You die...

# #..### #.
#####..... S###
###...#..... ..#
#<'...'..... #.#
###...#..... #.#
###...#..### #>#
#.+...'..### #Y#
#.#...##>.). #@#
#.#...###.#. #.#
#.........#.
#.###############.
#.................
##################


You could see an ice beast.

Vanquished Creatures
  2 phantoms (D:4)
  A hound (D:4)
  An iguana (D:3)
  4 gnolls
  2 adders (D:3)
  A worm (D:3)
  A dart slug (D:2)
  5 orcs
  11 ball pythons
  9 endoplasms
  3 giant cockroaches
  7 goblins
  2 hobgoblins
  7 jackals
  3 kobolds
  A quokka (D:4)
  5 bats
  7 frilled lizards
  4 rats
76 creatures vanquished.

Vanquished Creatures (others)
  118 foxfires
118 creatures vanquished.

Grand Total: 194 creatures vanquished

Notes
Turn   | Place    | Note
-------+----------+-------------------------------------------
     0 | D:1      | kae the Octopode Fire Elementalist began the quest for the
                  | Orb.
     0 | D:1      | Reached XP level 1. HP: 11/11 MP: 3/3
   194 | D:1      | Reached XP level 2. HP: 17/17 MP: 5/5
   886 | D:2      | Learned a level 2 spell: Scorch
   932 | D:2      | Reached XP level 3. HP: 18/22 MP: 6/6
  1487 | D:3      | Learned a level 3 spell: Conjure Flame
  1496 | D:3      | Reached skill level 1 in Fighting
  1528 | D:3      | Found an opulent altar of Gozag.
  1763 | D:3      | Reached XP level 4. HP: 28/28 MP: 7/7
  1897 | D:3      | Found a faded altar of an unknown god.
  2364 | D:3      | Found Ingyot's Armour Shoppe.
  2440 | D:4      | Noticed a phantom
  2452 | D:4      | Killed a phantom
  2453 | D:4      | Reached XP level 5. HP: 25/34 MP: 2/8
  2604 | D:4      | Learned a level 3 spell: Inner Flame
  2851 | D:4      | Reached XP level 6. HP: 34/39 MP: 6/10
  3332 | D:4      | Found a basalt altar of Yredelemnul.
  3569 | D:4      | Noticed an ice beast
  3581 | D:4      | Gained mutation: Your spells are a little easier to cast,
                  | but a little less powerful. [potion of mutation]
  3581 | D:4      | Gained mutation: Your natural rate of healing is unusually
                  | fast. [potion of mutation]
  3584 | D:4      | Slain by an ice beast

Illustrated notes

Levels and vault maps discovered:
D:1:      psy_arrival_statuary, layout_basic, serial_glass, glass_columns_a,
          glass_columns_b
D:2:      layout_loops_ring
D:3:      layout_basic, nicolae_gozag_seed_capital,
          hellmonk_ecumenical_altar_inner_sanctum, serial_shops, shop
D:4:      layout_basic, overflow_temple_1_default, minmay_misc_feat_rugged

Skill      XL: |  1  2  3  4  5  6 |
---------------+-------------------+-----
Stealth        | 3 4 |  4.3
Fighting       | 1 2 |  2.2
Conjurations   | 2 |  2.4
Fire Magic     | 4 |  4.6
Dodging        | 3 |  3.0
Spellcasting   | |  2.9

Action                   |  1- 3 |  4- 6 || total
-------------------------+-------+-------++-------
Melee: Dagger            |    69 |    20 ||    89
       Tentacles         |     9 |     4 ||    13
       Constrict         |     8 |     5 ||    13
 Cast: Foxfire           |     4 |    62 ||    66
       Scorch            |       |    12 ||    12
       Conjure Flame     |       |     2 ||     2
  Use: Scroll            |       |     6 ||     6
       Potion            |       |     2 ||     2
 Stab: Sleeping          |    18 |       ||    18
Armor: Skin              |     2 |     2 ||     4
Dodge: Dodged            |    25 |    31 ||    56

Table legend: (Time is in decaauts)
 A = Elapsed time spent in this place.
 B = Non-inter-level travel time spent in this place.
 C = Inter-level travel time spent in this place.
 D = Time resting spent in this place.
 E = Time spent auto-exploring this place.
 F = Levels seen in this place.
 G = Mean time per level.
                   A        B        C        D        E       F      G
               +--------+--------+--------+--------+--------+-----+--------+
         Total |   3554 |   3439 |    115 |    327 |   2506 |   4 |  888.5 |
       Dungeon |   3554 |   3439 |    115 |    327 |   2506 |   4 |  888.5 |
               +--------+--------+--------+--------+--------+-----+--------+

Top non-repeatable levels by time:
     D:4: 1073 daAuts
     D:3: 1029 daAuts
     D:1: 817 daAuts
     D:2: 633 daAuts
